 Dungeon Crawl Stone Soup version 0.21.1-1-g345015f (webtiles) character file.

189 Monsterracer the Insei (level 5, 0/36 HPs)
             Began as an Octopode Monk on Feb 15, 2018.
             Slain by a ball python (1 damage)
             ... on level 3 of the Dungeon.
             The game lasted 00:09:28 (2487 turns).

Monsterracer the Insei (Octopode Monk)              Turns: 2487, Time: 00:09:29

Health: 0/36       AC:  1    Str: 10    XL:     5   Next: 68%
Magic:  5/5        EV: 14    Int: 14    God:
Gold:   116        SH:  0    Dex: 14    Spells: 4/4 levels left

rFire    . . .     SeeInvis .     - Unarmed
rCold    . . .     Gourm    .   (no shield)
rNeg     . . .     Faith    .   (helmet restricted)
rPois    .         Spirit   .   (no amulet)
rElec    .         Reflect  .   a - +3 ring of evasion
rCorr    .         Harm     .   (no ring)
MR       .....                  (no ring)
Stlth    ++++......             (no ring)
HPRegen  0.12/turn              (no ring)
MPRegen  0.09/turn              (no ring)
                                (no ring)
                                (no ring)

@: constricted
A: almost no armour, stealthy swim, amphibious, 8 rings, constrict 8, camouflage
1, gelatinous body 1
a: no special abilities


You were on level 3 of the Dungeon.
You were hungry.

You visited 1 branch of the dungeon, and saw 3 of its levels.

You collected 116 gold pieces.

Inventory:

Jewellery
 a - a +3 ring of evasion (left tentacle)
Wands
 k - a wand of digging (9)
Scrolls
 e - 2 scrolls of remove curse
Potions
 b - 2 potions of curing
 f - a potion of haste
 g - a potion of heal wounds {unknown}
 h - a potion of agility {unknown}
 i - a potion of degeneration {unknown}
Comestibles
 c - 3 rations


   Skills:
 + Level 3.0 Fighting
 + Level 3.0 Dodging
 + Level 2.8 Stealth
 * Level 6.1 Unarmed Combat
 + Level 0.1 Evocations


You had 4 spell levels left.
You didn't know any spells.

Dungeon Overview and Level Annotations

Branches:
Dungeon (3/15)

Altars:

Portals:
Sewer: D:3

Annotations:
D:3 Monsterracer's ghost, amateur GnCK


Innate Abilities, Weirdness & Mutations

You cannot wear most types of armour.
You are very stealthy in the water. (Stealth+)
You are amphibious.
You can wear up to eight rings at the same time.
You can use your tentacles to constrict eight enemies at once.
Your skin changes colour to match your surroundings (Stealth+).
Your rubbery body absorbs attacks. (AC +1, EV +1)


Message History

A ball python, an adder and 2 rats come into view.
You hear the rapid rusting of a drain nearby.
Monsterracer's ghost turns its malevolent gaze towards you.
The adder hisses angrily.
The ball python hisses angrily.
You closely miss the river rat. You grab the river rat.
You constrict the river rat, but do no damage.
The river rat bites you.
You take 5 damage, and have 31/36 hp.
You tentacle-slap the river rat.
The river rat is lightly wounded.
You constrict the river rat, but do no damage.
You barely miss the river rat.
The river rat is lightly wounded.
You constrict the river rat. The river rat bites you.
You take 4 damage, and have 28/36 hp.
You tentacle-slap the river rat.
The river rat is heavily wounded.
You constrict the river rat. The river rat bites you.
You take 5 damage, and have 23/36 hp.
You bludgeon the river rat!
You kill the river rat!
Training target 6.0 for Unarmed Combat reached!
Your Unarmed Combat skill increases to level 6!
You need to enable at least one skill for training.
Monsterracer's ghost snickers, "I laugh when killing.
So smile when dying.
SMILE!"
Evoke which item? (* to show all) (? for menu, Esc to quit)
Okay, then.
You closely miss the adder. Your grab misses the adder.
The adder completely misses you. The adder barely misses you.
You tentacle-slap the adder. You grab the adder.
The adder is heavily wounded.
You constrict the adder. The adder misses you.
You tentacle-slap the adder.
The adder is severely wounded.
You constrict the adder. The adder bites you but does no damage.
You tentacle-slap the adder.
You kill the adder!
You tentacle-slap the river rat but do no damage.
You grab the river rat.
You constrict the river rat, but do no damage.
The river rat bites you.
You take 4 damage, and have 19/36 hp.
You tentacle-slap the river rat.
The river rat is lightly wounded.
You constrict the river rat, but do no damage.
You barely miss the river rat. Your squeeze misses the river rat.
The river rat is lightly wounded.
You constrict the river rat. The river rat barely misses you.
You tentacle-slap the river rat.
The river rat is heavily wounded.
You constrict the river rat, but do no damage.
The river rat completely misses you.
You tentacle-slap the river rat but do no damage.
The river rat is heavily wounded.
You constrict the river rat. The river rat closely misses you.
You tentacle-slap the river rat but do no damage.
You tentacle-slap the river rat.
The river rat is severely wounded.
You constrict the river rat.
You kill the river rat!
You tentacle-slap the ball python. You grab the ball python.
The ball python is severely wounded.
You constrict the ball python.
You kill the ball python!
You tentacle-slap Monsterracer's ghost but do no damage.
Your tentacle-slap misses Monsterracer's ghost.
Your squeeze misses Monsterracer's ghost.
Press: ? - help, v - describe, . - travel
Here: Monsterracer's ghost, wielding a vorpal weapon The floor.
Monsterracer's ghost lets out a mournful wail.
Monsterracer's ghost barely misses you. Monsterracer's ghost barely misses you.
Found a scroll of identify.
You hear the rapid rusting of a distant drain.
You see here an adder corpse.
You butcher the adder corpse.
Monsterracer's ghost hits you!
* * * LOW HITPOINT WARNING * * *
* * * LOW HITPOINT WARNING * * *
You see here 2 chunks of flesh.
You take 14 damage, and have 11/36 hp.
MASSIVE DAMAGE!!
The ball python hisses angrily.
The ball python bites you.
* * * LOW HITPOINT WARNING * * *
The ball python grabs you. The ball python constricts you.
You take 1 damage, and have 11/36 hp.
You escape the ball python's grasp.
The worm misses you. The ball python completely misses you.
The ball python misses you. The worm bites you.
* * * LOW HITPOINT WARNING * * *
The ball python completely misses you. The ball python closely misses you.
You take 3 damage, and have 8/36 hp.
There is a large open door here.
Monsterracer's ghost hits you.
* * * LOW HITPOINT WARNING * * *
* * * LOW HITPOINT WARNING * * *
The ball python bites you but does no damage.
The ball python grabs you.
You die...

.......%...#
##########.#
#.#########
#.........#
#......≈.≈#
#....≈≈.≈.#
#....≈≈≈≈≈#
#...wrW####
#..≈.≈S@≈≈#
#..≈≈≈#≈∩≈#
#..≈≈≈#≈≈≈#
###########


You could see a worm, Monsterracer's ghost, a river rat and a ball python.

Vanquished Creatures
  A howler monkey (D:3)
  Robin (D:3)
  5 adders
  2 river rats (D:3)
  An ooze (D:3)
  A worm (D:3)
  An orc (D:2)
  4 giant cockroaches
  17 goblins
  5 hobgoblins (D:2)
  11 jackals
  3 ball pythons
  5 bats
  3 frilled lizards
  2 kobolds
  5 rats
67 creatures vanquished.

Notes
Turn   | Place    | Note
-------+----------+-------------------------------------------
     0 | D:1      | Monsterracer the Octopode Monk began the quest for the Orb.
     0 | D:1      | Reached XP level 1. HP: 16/16 MP: 1/1
   343 | D:1      | Reached XP level 2. HP: 18/21 MP: 2/2
  1146 | D:2      | Reached skill level 4 in Unarmed Combat
  1150 | D:2      | Reached XP level 3. HP: 19/26 MP: 3/3
  1610 | D:2      | Reached XP level 4. HP: 28/31 MP: 4/4
  1761 | D:3      | Reached skill level 5 in Unarmed Combat
  1891 | D:3      | Reached XP level 5. HP: 36/36 MP: 5/5
  2091 | D:3      | Noticed Robin
  2095 | D:3      | Killed Robin
  2408 | D:3      | Noticed Monsterracer's ghost (amateur GnCK)
  2410 | D:3      | Found a glowing drain.
  2423 | D:3      | Reached skill level 6 in Unarmed Combat
  2476 | D:3      | HP: 14/36 [Monsterracer's ghost (11)]
  2481 | D:3      | HP: 11/36 [ball python (1)]
  2487 | D:3      | HP: 3/36 [Monsterracer's ghost (5)]
  2487 | D:3      | HP: 1/36 [Monsterracer's ghost (2)]
  2487 | D:3      | Slain by a ball python

Skill      XL: |  1  2  3  4  5 |
---------------+----------------+-----
Unarmed Combat | 4 5 6 |  6.1
Fighting       | |  3.0
Dodging        | |  3.0
Stealth        | |  2.8
Evocations     | |  0.1

Action                   |  1- 3 |  4- 6 || total
-------------------------+-------+-------++-------
Melee: Unarmed           |    61 |    74 ||   135
       Constrict         |    19 |    21 ||    40
       Tentacles         |    10 |     7 ||    17
       Punch             |     4 |     5 ||     9
  Use: Scroll            |       |     4 ||     4
 Stab: Sleeping          |    12 |     3 ||    15
  Eat: Chunk             |     2 |     2 ||     4
Armor: Skin              |     6 |     4 ||    10
Dodge: Dodged            |    41 |    44 ||    85

Vault maps used:
D:1:      tarquinn_simple_flora_water_c, columned_hall_lemuel
D:2:      first_ration, hex_medium
D:3:      portal_sewer_entry_e, uniq_robin
